 Dungeon Crawl Stone Soup version 0.25-a0-1119-g28b6fd0c3b (webtiles) character file.

Game seed: 2739004530846180797, levelgen mode: classic

29 Amnesiac the Vexing (level 3, 0/31 HPs)
             Began as an Ogre Enchanter on May 18, 2020.
             Slain by a worm (5 damage)
             ... on level 3 of the Dungeon.
             The game lasted 00:03:36 (985 turns).

Amnesiac the Vexing (Ogre Enchanter)                 Turns: 985, Time: 00:03:37

Health: 0/31       AC:  3    Str: 12    XL:     3   Next: 16%
Magic:  1/7        EV: 10    Int: 16    God:
Gold:   51         SH:  0    Dex: 10    Spells: 1/7 levels left

rFire    . . .     SeeInvis .   a - +1 dagger
rCold    . . .     Gourm    .   (no shield)
rNeg     . . .     Faith    .   b - +0 robe
rPois    .         Spirit   .   (helmet restricted)
rElec    .         Reflect  .   (no cloak)
rCorr    .         Harm     .   (gloves unavailable)
MR       .....                  (boots unavailable)
Stlth    +++.......             (no amulet)
HPRegen  0.10/turn              m - ring of stealth
MPRegen  0.10/turn              (no ring)

@: confusing touch
A: large, unfitting armour, tough skin 1
a: no special abilities


You were on level 3 of the Dungeon.
You were hungry.

You visited 1 branch of the dungeon, and saw 3 of its levels.

You collected 51 gold pieces.

Inventory:

Hand Weapons
 a - a +1 dagger (weapon)
Missiles
 e - 8 poisoned darts (quivered)
Armour
 b - a +0 robe (worn)
Jewellery
 m - a ring of stealth (left hand)
Scrolls
 g - a scroll of immolation {!r, unknown}
 h - a scroll of identify {!r, unknown}
 l - a scroll of teleportation {!r, unknown}
 n - a scroll of noise {!r, unknown}
Potions
 c - a potion of heal wounds {!q, unknown}
 f - 3 potions of haste {!q, unknown}
 j - 3 potions of curing {!q, unknown}
 k - a potion of brilliance {!q, unknown}
Comestibles
 d - 3 rations
 i - a chunk of flesh


   Skills:
 - Level 1.0 Short Blades
 - Level 1.7 Dodging
 + Level 2.3 Stealth
 + Level 2.9 Spellcasting
 * Level 3.3 Hexes


You had one spell level left.
You knew the following spells:

 Your Spells              Type           Power        Failure   Level  Hunger
a - Ensorcelled Hibernat  Hex/Ice        #.....       14%         2    ##.....
b - Corona                Hex            ##.....      4%          1    #......
z - Confusing Touch       Hex            ##......     14%         3    ###....

Your spell library contained the following spells:

 Spells                   Type           Power        Failure   Level  Hunger
 Tukima's Dance           Hex            ##......     14%         3    ###....
 Dazzling Flash           Conj/Hex       #.....       28%         3    ###....


Dungeon Overview and Level Annotations

Branches:
Dungeon (3/15)

Altars:

Annotations:
D:2 exclusion: goblin


Innate Abilities, Weirdness & Mutations

You are too large for most types of armour.
You have tough skin. (AC +1)


Message History

You kill the ball python!
Found 6 gold pieces.
f - 3 purple potions {!q} (gained 2)
Found 19 stones.
Found a stone staircase leading up.
A worm comes into view.
Found a scroll labeled ODDIWN WYLLEDEK.
You see here 6 gold pieces.
You now have 51 gold pieces (gained 6).
Casting: Ensorcelled Hibernation (safe; 14% risk of failure)
Confirm with . or Enter, or press ? or * to list all spells.
Aiming: Ensorcelled Hibernation (safe; 14% risk of failure)
Press: ? - help, Shift-Dir - straight line, f - worm
Aim: a worm (chance to defeat MR: 48%)
The worm looks drowsy...
The helpless worm fails to defend itself.
You puncture the worm!
The worm is moderately wounded.
You hit the worm.
The worm is heavily wounded.
The worm bites you.
Casting: Ensorcelled Hibernation (safe; 14% risk of failure)
Confirm with . or Enter, or press ? or * to list all spells.
Aiming: Ensorcelled Hibernation (safe; 14% risk of failure)
Press: ? - help, Shift-Dir - straight line, f - you, p - worm That would be overly suicidal.
Okay, then.
This spell is quite dangerous to cast!
Memorise Confusing Touch, consuming 3 spell levels and leaving 1?
You start memorising the spell.
You continue memorising. x3
You finish memorising.
Spell assigned to 'z'.
Okay, then.
You start resting.
Magic restored.
Casting: Ensorcelled Hibernation (safe; 14% risk of failure)
Confirm with . or Enter, or press ? or * to list all spells.
Aiming: Ensorcelled Hibernation (safe; 14% risk of failure)
Press: ? - help, Shift-Dir - straight line, f - worm
Aim: a worm (chance to defeat MR: 48%)
The worm resists with some effort.
The worm bites you!
Casting: Ensorcelled Hibernation (safe; 14% risk of failure)
Confirm with . or Enter, or press ? or * to list all spells.
Aiming: Ensorcelled Hibernation (safe; 14% risk of failure)
Press: ? - help, Shift-Dir - straight line, f/p - worm
Aim: a worm (chance to defeat MR: 48%)
The worm looks drowsy...
The helpless worm fails to defend itself.
You puncture the worm!
The worm is severely wounded.
The worm bites you!
* * * LOW HITPOINT WARNING * * *
Casting: Ensorcelled Hibernation (safe; 14% risk of failure)
Confirm with . or Enter, or press ? or * to list all spells.
Your hands begin to glow red.
You are feeling hungry.
You hit the worm but do no damage.
The worm is heavily wounded.
The worm bites you.
* * * LOW HITPOINT WARNING * * *
You hit the worm but do no damage.
The worm is heavily wounded.
You hit the worm but do no damage.
The worm is heavily wounded.
The worm bites you.
You die...

#.##.#..... #.##.# ##.
#.##.# #....##
####..######
#......... ##...
#.....#### ....##
##.....#####..#....
#...@........##...##
#.#..w.########.#..#.
#.#....####.......?..
#.####.............#.
............w.........
##########............
#..........##
#(...........
#..........##


You could see a worm.

Vanquished Creatures
  An adder (D:3)
  An ooze (D:1)
  A leopard gecko (D:2)
  A bat (D:3)
  2 giant cockroaches
  2 ball pythons
  3 frilled lizards
  A goblin (D:2)
  2 kobolds (D:1)
  4 rats
18 creatures vanquished.

Notes
Turn   | Place    | Note
-------+----------+-------------------------------------------
     0 | D:1      | Amnesiac the Ogre Enchanter began the quest for the Orb.
     0 | D:1      | Reached XP level 1. HP: 16/16 MP: 3/3
   131 | D:1      | Reached skill level 1 in Short Blades
   131 | D:1      | Reached skill level 3 in Hexes
   144 | D:1      | Reached XP level 2. HP: 6/24 MP: 2/5
   160 | D:1      | Learned a level 2 spell: Ensorcelled Hibernation
   809 | D:3      | Reached XP level 3. HP: 26/31 MP: 2/7
   971 | D:3      | Learned a level 3 spell: Confusing Touch
   985 | D:3      | Slain by a worm

Illustrated notes

Levels and vault maps discovered:
D:1:      roderic_crossed_star, layout_basic, minmay_unequal
D:2:      layout_basic, serial_glass, glass_columns_a, glass_columns_a,
          first_ration, st_stairs_13, minmay_pentomino_r2, uniq_robin
D:3:      layout_rooms, lemuel_doored_altar, old_standard_altar,
          patterned_corridor, uniq_terence

Skill      XL: |  1 |
---------------+----+-----
Short Blades   | 1 |  1.0
Hexes          | 3 |  3.3
Dodging        | |  1.7
Stealth        | |  2.3
Spellcasting   | |  2.9

Action                   || total
-------------------------++-------
Melee: Dagger            ||    60
 Cast: Corona            ||     5
       Ensorcelled Hiber ||    18
       Confusing Touch   ||     1
 Stab: Sleeping          ||    13
  Eat: Chunk             ||     1
Armor: Robe              ||    14
Dodge: Dodged            ||    31

Table legend:
 A = Non-vault XP
 B = Vault XP
 C = Vault XP percentage of total XP
 D = Non-vault monster count
 E = Vault monster count
 F = Vault count percentage of total count
                 A         B        C        D         E       F
            +---------+---------+-------+---------+---------+-------
      Total |      40 |       2 |   4.8 |      16 |       2 |  11.1
            +---------+---------+-------+---------+---------+-------
        D:1 |      11 |       1 |   8.3 |       5 |       1 |  16.7
        D:2 |       9 |       1 |  10.0 |       6 |       1 |  14.3
        D:3 |      20 |       0 |   0.0 |       5 |       0 |   0.0
            +---------+---------+-------+---------+---------+-------
